 Dungeon Crawl Stone Soup version 0.30-a0-297-g0ec75d9ef4 (webtiles) character file.

Game seed: 3541768291906747952

238 KennySheep the Trooper (level 5, -1/55 HPs)
             Began as an Ogre Brigand on Oct 18, 2022.
             Was a Follower of Ru.
             Frozen to death by an endoplasm (4 damage)
             ... on level 4 of the Dungeon.
             The game lasted 00:10:13 (2754 turns).

KennySheep the Trooper (Ogre Brigand)               Turns: 2754, Time: 00:10:13

Health: -1/55      AC:  4    Str: 17    XL:     5   Next: 7%
Magic:  5/5        EV: 14    Int: 12    God:    Ru [*.....]
Gold:   128        SH:  0    Dex: 10    Spells: 4/4 levels left

rFire   + . .      SeeInvis .    a - +0 mace
rCold   . . .      Faith    .    (no shield)
rNeg    . . .      Spirit   .    b - +0 robe
rPois   .          Reflect  .    (helmet restricted)
rElec   .          Harm     .    c - +0 cloak
rCorr   .          Rampage  .    (gloves unavailable)
Will    .....                    (boots unavailable)
Stlth   ++........               (no amulet)
HPRegen 0.29/turn                k - +4 ring of evasion
MPRegen 0.09/turn                y - ring of protection from fire

@: brilliant
A: large, unfitting armour, tough skin 1, inexperienced 1
a: Renounce Religion


You were on level 4 of the Dungeon.
You worshipped Ru.
Ru was aware of your devotion.
You visited 1 branch of the dungeon, and saw 4 of its levels.

You collected 128 gold pieces.

Inventory:

Hand Weapons
 a - a +0 mace (weapon)
 f - a +2 dagger
Missiles
 d - 8 poisoned darts
 e - 2 curare-tipped darts (quivered)
 p - 9 stones
Armour
 b - a +0 robe (worn)
 c - a +0 cloak (worn)
Jewellery
 k - a +4 ring of evasion (left hand)
 y - a ring of protection from fire (right hand)
Wands
 A - a wand of flame (7)
Scrolls
 g - a scroll of vulnerability {unknown}
 h - a scroll of identify {unknown}
 i - a scroll of teleportation
 j - a scroll of magic mapping
 l - 2 scrolls of enchant weapon {unknown}
 n - a scroll of amnesia {unknown}
 s - a scroll of fear {unknown}
 u - a scroll of fog {unknown}
 v - a scroll of enchant armour {unknown}
 w - a scroll of blinking {unknown}
 z - a scroll of acquirement {unknown}
Potions
 m - a potion of flight {unknown}
 o - a potion of haste {unknown}
 q - 3 potions of brilliance
 r - 3 potions of cancellation {unknown}
 t - 2 potions of curing {unknown}
 x - a potion of ambrosia {unknown}
 B - a potion of heal wounds {unknown}


   Skills:
 + Level 4.3 Fighting
 - Level 1.7 Short Blades
 * Level 2.9 Maces & Flails
 + Level 3.4 Throwing
 + Level 2.3 Dodging
 - Level 2.9 Stealth


You had 4 spell levels left.
You didn't know any spells.
Your spell library contained the following spells:

 Spells                   Type           Power      Damage    Failure   Level
 Blink                    Tloc           0%         N/A       45%         2
 Momentum Strike          Conj/Tloc      0%         3d8       45%         2
 Kindle Blastsparks       Fire/Tloc/Air  0%         2d10      69%         3
 Lesser Beckoning         Tloc           0%         N/A       69%         3
 Leda's Liquefaction      Hex/Erth       0%         N/A       97%         4
 Petrify                  Tmut/Erth      0%         N/A       97%         4


Dungeon Overview and Level Annotations

Branches:
Dungeon (4/15)
 Temple: D:4-7

Altars:
Ru

Shops:
D:1 (

Annotations:
D:3 1 runed translucent door, Crazy Yiuf
D:4 Edmund


Innate Abilities, Weirdness & Mutations

You are too large for most types of armour.
You have tough skin. (AC +1)
You are somewhat inexperienced. (-1 XL)


Message History

The grasping roots grab you! The grasping roots constrict you.
You escape the roots grasp.
The giant cockroach closely misses you.
Edmund zaps a wand.
The roots erupt in riotous growth!
The grasping roots grab you!
Edmund is unaffected.
The giant cockroach is unaffected.
The grasping roots constrict you!
You hit Edmund but do no damage.
Edmund is severely wounded.
You kill the endoplasm!
The giant cockroach bites you. The giant cockroach misses you.
You hit Edmund.
Edmund is severely wounded.
The giant cockroach bites you but does no damage.
Edmund hits you with a +0 flail of protection.
The grasping roots constrict you.
You closely miss Edmund.
Edmund is almost dead.
The giant cockroach bites you but does no damage.
Edmund hits you with a +0 flail of protection.
* * * LOW HITPOINT WARNING * * *
The grasping roots constrict you.
* * * LOW HITPOINT WARNING * * *
The endoplasm freezes you.
You are frozen.
* * * LOW HITPOINT WARNING * * *
The giant cockroach barely misses you.
The grasping roots release their grip on you.
Okay, then.
It was a potion of brilliance.
You feel clever all of a sudden. The giant cockroach barely misses you.
The endoplasm freezes you.
You are frozen.
* * * LOW HITPOINT WARNING * * *
Edmund closely misses you.
Okay, then.
The endoplasm freezes you.
You are frozen.
You die...

...#### .(....# .(....#
#.....# ... .. #(....#
######..###.###(....#
..............#@....#
######.##...#.#.JB..#
..####.#....#.#.@...#
#.............#.....##
....##..................
###.#.......#.##########
#.##.#....#.#
#....####...# ######
##.># ####


You could see Edmund (very poisoned, slow), an endoplasm and a giant cockroach.

Vanquished Creatures
  A kobold brigand (D:3)
  A howler monkey (D:3)
  Jessica (D:3)
  Ijyb (D:3)
  An adder (D:2)
  A worm (D:3)
  2 dart slugs
  3 orcs
  4 ball pythons
  4 bats
  6 endoplasms
  3 giant cockroaches
  3 goblins
  5 hobgoblins
  4 quokkas
  2 frilled lizards
  13 kobolds
  7 rats
62 creatures vanquished.

Notes
Turn   | Place    | Note
-------+----------+-------------------------------------------
     0 | D:1      | KennySheep the Ogre Brigand began the quest for the Orb.
     0 | D:1      | Reached XP level 1. HP: 22/22 MP: 1/1
    52 | D:1      | Reached skill level 1 in Dodging
   113 | D:1      | Reached XP level 2. HP: 29/29 MP: 2/2
   196 | D:1      | Reached skill level 3 in Fighting
   269 | D:1      | Found Tume's Weapon Shoppe.
   592 | D:2      | Got Dazipt Hiter's Octavo of Singed Silt
   617 | D:2      | Found a sacrificial altar of Ru.
   630 | D:2      | Became a worshipper of Ru the Awakened
   833 | D:2      | Reached XP level 3. HP: 31/37 MP: 3/3
   904 | D:2      | Reached skill level 1 in Maces & Flails
  1105 | D:2      | Found a faded altar of an unknown god.
  1573 | D:3      | Reached XP level 4. HP: 44/45 MP: 4/4
  1617 | D:3      | Noticed a kobold brigand
  1649 | D:3      | Killed a kobold brigand
  1650 | D:3      | Reached XP level 5. HP: 36/54 MP: 5/5
  1856 | D:3      | Noticed Jessica
  1863 | D:3      | Killed Jessica
  1864 | D:3      | Reached skill level 4 in Fighting
  1875 | D:3      | Gained mutation: You are somewhat inexperienced. (-1 XL)
                  | [Ru sacrifice]
  1875 | D:3      | Reached XP level 4. HP: 48/48 MP: 4/4
  1875 | D:3      | Reached * piety under Ru
  2052 | D:3      | Found a runed translucent door.
  2053 | D:3      | Noticed Crazy Yiuf
  2175 | D:3      | Noticed Ijyb
  2191 | D:3      | Killed Ijyb
  2270 | D:3      | Reached XP level 5. HP: 36/54 MP: 5/5
  2739 | D:4      | Noticed Edmund
  2754 | D:4      | Frozen to death by an endoplasm

Illustrated notes

Levels and vault maps discovered:
D:1:      lemuel_arrival_river_ford, layout_basic, serial_shops,
          nicolae_shop_waterfront
D:2:      layout_rooms, basic_altar, hellmonk_ecumenical_altar_run_dry,
          minivault_27, minmay_misc_feat_columns
D:3:      cheibrodos_thug_alley, layout_basic, grunt_ministairs_5, uniq_ijyb,
          uniq_jessica, uniq_crazy_yiuf_cottage
D:4:      layout_basic, gammafunk_ghost_necromancy, uniq_edmund

Skill      XL: |  1  2  3  4  5 |
---------------+----------------+-----
Dodging        | 1 2 |  2.3
Fighting       | 3 4 |  4.3
Maces & Flails | 1 2 |  2.9
Throwing       | 3 |  3.4
Short Blades   | |  1.7
Stealth        | |  2.9

Action                   |  1- 3 |  4- 6 || total
-------------------------+-------+-------++-------
Melee: Mace              |   104 |    65 ||   169
       Punch             |     1 |       ||     1
Throw: Dart              |    15 |    26 ||    41
Invok: Sacrifice Experie |       |     1 ||     1
  Use: Scroll            |     2 |       ||     2
       Potion            |       |     1 ||     1
 Stab: Sleeping          |     6 |     2 ||     8
       Distracted        |     1 |       ||     1
Armor: Robe              |    55 |    16 ||    71
Dodge: Dodged            |    77 |    46 ||   123

Table legend: (Time is in decaauts)
 A = Elapsed time spent in this place.
 B = Non-inter-level travel time spent in this place.
 C = Inter-level travel time spent in this place.
 D = Time resting spent in this place.
 E = Time spent auto-exploring this place.
 F = Levels seen in this place.
 G = Mean time per level.
                   A        B        C        D        E       F      G
               +--------+--------+--------+--------+--------+-----+--------+
         Total |   2816 |   2604 |    212 |    194 |   1768 |   4 |  704.0 |
       Dungeon |   2816 |   2604 |    212 |    194 |   1768 |   4 |  704.0 |
               +--------+--------+--------+--------+--------+-----+--------+

Top non-repeatable levels by time:
     D:3: 1254 daAuts
     D:2: 828 daAuts
     D:1: 641 daAuts
     D:4: 92 daAuts
